 Dungeon Crawl Stone Soup version 0.20.1-1-g8b1a95d (webtiles) character file.

6584 TheGuigne the Cleaver (level 11, -1/105 HPs)
             Began as a Hill Orc Fighter on Aug 15, 2017.
             Slain by a two-headed ogre
             ... wielding a +0 giant club
              (8 damage)
             ... on level 9 of the Dungeon.
             The game lasted 00:22:03 (10499 turns).

TheGuigne the Cleaver (Hill Orc Fighter)           Turns: 10499, Time: 00:22:04

Health: -1/105     AC: 15    Str: 25    XL:     11   Next: 1%
Magic:  0/11       EV:  8    Int:  9    God:
Gold:   347        SH: 10    Dex:  8    Spells: 10/10 levels left

rFire    . . .     SeeInvis +   E - +2 hand axe (chop)
rCold    . . .     Gourm    .   c - +0 shield
rNeg     . . .     Faith    .   n - +2 ring mail {rPois}
rPois    +         Spirit   +   T - +2 helmet {SInv}
rElec    .         Reflect  .   (no cloak)
rCorr    +         Harm     .   D - +0 pair of gloves {Str+3}
MR       .....     Clarity  +   (no boots)
Stlth    +.........             y - amulet of guardian spirit
Regen    0.0/turn               q - ring of stealth
MPRegen  0.2/turn               J - ring of resist corrosion

@: no status effects
A: rugged brown scales 1, clarity, clumsy 1, inhibited regeneration
a: no special abilities


You were on level 9 of the Dungeon.
You were not hungry.

You visited 2 branches of the dungeon, and saw 10 of its levels.

You collected 542 gold pieces.
You spent 195 gold pieces at shops.

Inventory:

Hand Weapons
 a - a +0 war axe
 E - a +2 hand axe of chopping (weapon)
 M - a +0 whip of pain
Missiles
 b - 2 exploding tomahawks (quivered)
Armour
 c - a +0 shield (worn)
 n - a +2 ring mail of poison resistance (worn)
 p - a +0 plate armour
 D - a +0 pair of gloves of strength (worn)
 T - a +2 helmet of see invisible (worn)
Jewellery
 q - a ring of stealth (left hand)
 r - an uncursed amulet of regeneration {unknown}
 t - an uncursed amulet of faith
 y - an amulet of guardian spirit (around neck)
 J - a ring of resist corrosion (right hand)
Wands
 F - a wand of polymorph (15/24)
 K - a wand of digging (10/24)
Scrolls
 g - a scroll of amnesia {unknown}
 i - 7 scrolls of remove curse
 k - 2 scrolls of magic mapping {unknown}
 l - 3 scrolls of recharging {unknown}
 m - 3 scrolls of fog {unknown}
 o - 2 scrolls of enchant armour {unknown}
 w - 12 scrolls of teleportation {unknown}
 x - 2 scrolls of enchant weapon {unknown}
 B - a scroll of identify
 C - 2 scrolls of noise {unknown}
 P - a scroll of blinking {unknown}
Potions
 d - 2 potions of heal wounds
 e - 3 potions of agility
 h - a potion of lignification
 s - 2 potions of haste
 u - 2 potions of flight
 z - 2 potions of degeneration
 L - 2 potions of curing
Books
 N - a book of Minor Magic

   Spells                             Type                      Level
   a - Magic Dart                     Conjuration                  1
   b - Blink                          Translocation                2
   c - Call Imp                       Summoning                    2
   d - Slow                           Hexes                        2
   e - Conjure Flame                  Conjuration/Fire             3
   f - Mephitic Cloud                 Conjuration/Poison/Air       3
 Q - a book of Power

   Spells                             Type                      Level
   a - Iskenderun's Battlesphere      Conjuration/Charms           5
   b - Venom Bolt                     Conjuration/Poison           5
   c - Bolt of Magma                  Conjuration/Fire/Earth       5
   d - Iron Shot                      Conjuration/Earth            6
   e - Orb of Destruction             Conjuration                  7
   f - Spellforged Servitor           Conjuration/Summoning        7
 S - a book of Conjurations

   Spells                             Type                      Level
   a - Magic Dart                     Conjuration                  1
   b - Searing Ray                    Conjuration                  2
   c - Dazzling Spray                 Conjuration/Hexes            3
   d - Fulminant Prism                Conjuration/Hexes            4
   e - Force Lance                    Conjuration/Translocation    4
   f - Iskenderun's Mystic Blast      Conjuration                  4
Comestibles
 f - 7 bread rations
 j - 4 royal jellies
 A - 5 meat rations
 G - 4 fruits


   Skills:
 + Level 11.1 Fighting
 - Level 13.1 Axes
 + Level 10.1 Armour
 + Level 4.4 Shields


You had 10 spell levels left.
You didn't know any spells.

Dungeon Overview and Level Annotations

Branches:
Dungeon (9/15)             Temple (1/1) D:7            Lair (0/6) D:8
    Orc: D:9-12

Altars:
Ashenzari
Cheibriados
Dithmenos
Elyvilon
Fedhas
Gozag
Hepliaklqana
Kikubaaqudgha
Makhleb
Nemelex Xobeh
Okawaru
Ru
Sif Muna
Trog
Uskayaw
Vehumet
Xom
Yredelemnul
Zin
The Shining One

Shops:
D:4 *


Innate Abilities, Weirdness & Mutations

You are partially covered in rugged brown scales. (AC +1, +3% HP)
You possess an exceptional clarity of mind.
You are clumsy. (Dex -2)
You do not regenerate when monsters are visible.


Message History

You are too injured to fight recklessly!
You are too injured to fight recklessly!
You are too injured to fight recklessly!
You are too injured to fight recklessly!
You are too injured to fight recklessly!
You are too injured to fight recklessly!
You are too injured to fight recklessly!
You slash the two-headed ogre!
The two-headed ogre is almost dead.
You hit the two-headed ogre but do no damage.
The two-headed ogre is almost dead.
The two-headed ogre hits you with a giant club!!
* * * LOW HITPOINT WARNING * * *
The two-headed ogre hits you with a giant club!
* * * LOW HITPOINT WARNING * * *
You completely miss the two-headed ogre.
The two-headed ogre is almost dead.
You block the two-headed ogre's attack.
The two-headed ogre hits you with a giant club!
You die...

#..##.# #.# #.# #..##.#
#.########.# #.....#
##.#........# #.###.#
##....######## #.# #.# #.....#
#.###.# ##..>.# #.....####
##.#.# #####....######.#.#
####........@.# ########O### ##
#.# .# #o# .# #)# .# ###.######
.# #.†[....##. .##
.......[....##.##### #
..#####.#####...........[).###.#


You could see a two-headed ogre and an orc.

Vanquished Creatures
  2 two-headed ogres
  Joseph (D:7)
  Grinder (D:6)
  2 hippogriffs
  A spriggan (D:7)
  A wyvern (D:8)
  A hungry ghost (D:7)
  Menkaure (D:5)
  Edmund (D:6)
  Duvessa (D:4)
  2 sky beasts
  4 orc warriors
  A black bear (D:8)
  4 phantoms
  An ogre (D:8)
  3 centaurs
  An elf zombie (D:7)
  A big kobold (D:7)
  4 bullfrogs
  3 elf skeletons (D:7)
  Dowan (D:4)
  2 scorpions (D:4)
  3 howler monkeys (D:8)
  A centaur zombie (D:6)
  5 hounds
  7 crimson imps
  4 orc priests
  4 iguanas
  8 orc wizards
  A centaur skeleton (D:4)
  10 worker ants
  2 killer bee zombies
  A hound skeleton (D:9)
  A worker ant zombie (D:5)
  8 gnolls
  A howler monkey skeleton (D:6)
  11 adders
  2 oozes
  A worm (D:2)
  2 adder skeletons
  A dart slug (D:1)
  6 leopard geckos
  36 orcs
  5 giant cockroaches
  9 goblins (D:1)
  10 hobgoblins
  21 jackals
  5 quokkas
  6 bats (D:1)
  5 frilled lizards
  12 kobolds
  A leopard gecko zombie (D:9)
  An orc skeleton (D:7)
  An orc zombie (D:7)
  10 rats
240 creatures vanquished.

Notes
Turn   | Place    | Note
-------+----------+-------------------------------------------
     0 | D:1      | TheGuigne the Hill Orc Fighter began the quest for the Orb.
     0 | D:1      | Reached XP level 1. HP: 19/19 MP: 1/1
    33 | D:1      | Reached skill level 3 in Axes
    33 | D:1      | Reached XP level 2. HP: 15/26 MP: 2/2
    72 | D:1      | Reached skill level 4 in Axes
   368 | D:1      | Reached XP level 3. HP: 26/31 MP: 3/3
   892 | D:1      | Reached skill level 5 in Axes
  1063 | D:2      | Found a blossoming altar of Fedhas.
  1333 | D:2      | Reached XP level 4. HP: 34/39 MP: 4/4
  1658 | D:3      | Reached skill level 6 in Axes
  2073 | D:3      | Found a glowing silver altar of Zin.
  2439 | D:3      | Found a faded altar of an unknown god.
  2525 | D:4      | Noticed Duvessa
  2525 | D:4      | Noticed Dowan
  2548 | D:4      | Killed Duvessa
  2548 | D:4      | Reached skill level 7 in Axes
  2548 | D:4      | Reached XP level 5. HP: 24/45 MP: 3/5
  2557 | D:4      | Killed Dowan
  2557 | D:4      | Reached skill level 8 in Axes
  2557 | D:4      | Reached XP level 6. HP: 8/51 MP: 1/6
  3148 | D:4      | Reached skill level 9 in Axes
  3199 | D:4      | Reached XP level 7. HP: 45/57 MP: 7/7
  3204 | D:4      | Found a shimmering altar of Xom.
  3279 | D:4      | Reached skill level 10 in Axes
  3393 | D:4      | Found Qeros's Assorted Antiques.
  3397 | D:4      | Bought a scroll labeled UNESOS HIGETOUMI for 23 gold pieces
  3397 | D:4      | Bought a pair of runed gloves for 172 gold pieces
  3603 | D:4      | Reached skill level 11 in Axes
  3927 | D:5      | Entered Level 5 of the Dungeon
  4119 | D:5      | Reached XP level 8. HP: 64/64 MP: 8/8
  4282 | D:5      | Reached skill level 12 in Axes
  4534 | D:5      | Found a hazy altar of Hepliaklqana.
  4639 | D:5      | Noticed Menkaure
  4649 | D:5      | Killed Menkaure
  4649 | D:5      | Reached skill level 13 in Axes
  5123 | D:6      | Noticed Grinder
  5138 | D:6      | Paralysed by Grinder for 5 turns
  5155 | D:6      | Killed Grinder
  5173 | D:6      | Reached skill level 5 in Armour
  5173 | D:6      | Reached XP level 9. HP: 28/72 MP: 5/9
  5586 | D:6      | Noticed Edmund
  5615 | D:6      | Killed Edmund
  5615 | D:6      | Reached skill level 5 in Fighting
  6926 | D:7      | Noticed Joseph
  7067 | D:7      | Found a staircase to the Ecumenical Temple.
  7087 | D:7      | Killed Joseph
  7363 | Temple   | Entered the Ecumenical Temple
  7584 | D:7      | Found a sparkling altar of Nemelex Xobeh.
  7821 | D:7      | Reached XP level 10. HP: 88/88 MP: 10/10
  7912 | D:7      | Found a radiant altar of Vehumet.
  7980 | D:7      | Found a snail-covered altar of Cheibriados.
  8539 | D:8      | Found a shadowy altar of Dithmenos.
  8638 | D:8      | Found a staircase to the Lair.
  8940 | D:8      | Found an ancient bone altar of Kikubaaqudgha.
  9452 | D:8      | Noticed a two-headed ogre
  9461 | D:8      | Killed a two-headed ogre
  9461 | D:8      | Reached skill level 10 in Fighting
  9711 | D:8      | Gained mutation: You are robust. (+10% HP) [mutagenic meat]
  9712 | D:8      | Lost mutation: You are robust. (+10% HP) [mutagenic meat]
  9713 | D:8      | Gained mutation: You are dopey. (Int -2) [mutagenic meat]
  9714 | D:8      | Gained mutation: You are frail. (-10% HP) [mutagenic meat]
  9715 | D:8      | Gained mutation: Your body sometimes deteriorates upon taking damage. [mutagenic meat]
  9716 | D:8      | Gained mutation: Your magical capacity is low. (-10% MP) [mutagenic meat]
  9758 | D:8      | Lost mutation: You are frail. (-10% HP) [potion of mutation]
  9758 | D:8      | Lost mutation: You are dopey. (Int -2) [potion of mutation]
  9758 | D:8      | Lost mutation: Your body sometimes deteriorates upon taking damage. [potion of mutation]
  9758 | D:8      | Lost mutation: Your magical capacity is low. (-10% MP) [potion of mutation]
  9758 | D:8      | Gained mutation: You are partially covered in rugged brown scales. (AC +1, +3% HP) [potion of mutation]
  9758 | D:8      | Gained mutation: You do not regenerate when monsters are visible. [potion of mutation]
  9758 | D:8      | Gained mutation: You are clumsy. (Dex -2) [potion of mutation]
  9758 | D:8      | Gained mutation: You possess an exceptional clarity of mind. [potion of mutation]
  9941 | D:9      | Found a shattered altar of Ashenzari.
 10174 | D:9      | Noticed a two-headed ogre
 10187 | D:9      | Killed a two-headed ogre
 10187 | D:9      | Reached skill level 10 in Armour
 10412 | D:9      | Reached XP level 11. HP: 105/105 MP: 11/11
 10467 | D:9      | Noticed a two-headed ogre
 10499 | D:9      | Slain by a two-headed ogre

Skill      XL: |  1  2  3  4  5  6  7  8  9 10 |
---------------+-------------------------------+-----
Axes           | 3 4 5 7 8 9 11 13 | 13.1
Fighting       | 4 8 11 | 11.1
Armour         | 5 8 10 | 10.1
Shields        | 4 |  4.4

Action                   |  1- 3 |  4- 6 |  7- 9 | 10-12 || total
-------------------------+-------+-------+-------+-------++-------
Melee: War axe           |   112 |   118 |    79 |       ||   309
       Hand axe          |       |       |   391 |   275 ||   666
  Use: Scroll            |       |     3 |     5 |     2 ||    10
       Potion            |       |     1 |       |     3 ||     4
 Stab: Sleeping          |       |     1 |     2 |     2 ||     5
  Eat: Chunk             |     2 |     6 |    14 |    14 ||    36
       Fruit             |       |       |     1 |     3 ||     4
Armor: Scale mail        |    32 |       |       |       ||    32
       Ring mail         |     5 |    25 |   108 |    59 ||   197
Dodge: Dodged            |    34 |    40 |    91 |    49 ||   214
Block: Shield            |    55 |    62 |   125 |    92 ||   334
